 Dungeon Crawl Stone Soup version 0.30-a0-728-gc68057be0a (webtiles) character file.

Game seed: 13665619809023528859

3158 Dittersdorf the Fighter (level 9, -1/59 HPs)
             Began as a Gargoyle Fighter on Jan 31, 2023.
             Slain by a hornet (12 damage)
             ... on level 8 of the Dungeon.
             The game lasted 00:10:23 (7424 turns).

Dittersdorf the Fighter (Gargoyle Fighter)          Turns: 7424, Time: 00:10:23

Health: -1/59      AC: 16    Str: 23    XL:     9   Next: 94%
Magic:  9/9        EV: 11    Int: 10    God:
Gold:   582        SH:  5    Dex:  9    Spells: 8/8 levels left

rFire   . . .      SeeInvis .    b - +4 eveningstar (flame)
rCold   . . .      Faith    .    c - +0 buckler
rNeg    + + .      Spirit   .    n - +0 steam dragon scales
rPois   ∞          Reflect  .    m - +1 helmet
rElec   +          Harm     .    (no cloak)
rCorr   .          Rampage  .    h - +0 pair of gloves
Will    .....                    (no boots)
Stlth   +                        B - amulet of magic regeneration
HPRegen 0.29/turn                f - ring of wizardry
MPRegen 0.51/turn                r - ring of positive energy

@: mesmerised, studying Staves
A: sickness immunity, AC +6, negative energy resistance 1, electricity
resistance, torment resistance 1, petrification resistance
a: no special abilities


You were on level 8 of the Dungeon.
You visited 2 branches of the dungeon, and saw 9 of its levels.
You also visited: Ossuary.

You collected 582 gold pieces.

Inventory:

Hand Weapons
 b - a +4 eveningstar of flaming (weapon)
Missiles
 i - 30 poisoned darts (quivered)
Armour
 c - a +0 buckler (worn)
 h - a +0 pair of gloves (worn)
 j - a +0 plate armour
 m - a +1 helmet (worn)
 n - +0 steam dragon scales (worn)
Jewellery
 f - a ring of wizardry (left hand)
 r - a ring of positive energy (right hand)
 B - an amulet of magic regeneration (around neck)
Wands
 q - a wand of flame (19)
 C - a wand of roots (11)
Scrolls
 g - a scroll of magic mapping
 k - 3 scrolls of teleportation
 l - 2 scrolls of enchant armour
 s - a scroll of poison
 t - 2 scrolls of blinking
 v - a scroll of fear {unknown}
 y - a scroll of enchant weapon
 z - a scroll of vulnerability {unknown}
 A - a scroll of amnesia {unknown}
 D - a scroll of brand weapon {unknown}
Potions
 a - 5 potions of curing
 d - a potion of might
 e - 2 potions of cancellation
 o - a potion of haste
 p - 4 potions of heal wounds
 u - a potion of flight
 w - a potion of invisibility
 x - 2 potions of brilliance
 E - a potion of lignification {unknown}


   Skills:
 + Level 8.2 Fighting
 + Level 7.1 Maces & Flails
 + Level 8.1 Armour
 + Level 8.1 Shields


You had 8 spell levels left.
You didn't know any spells.
Your spell library contained the following spells:

 Spells                   Type           Power      Damage    Failure   Level
 Freeze                   Ice            0%         1d3       19%         1
 Shock                    Conj/Air       0%         1d3       19%         1
 Wereblood                Tmut           0%         N/A       26%         2
 Dazzling Flash           Conj/Hex       0%         N/A       45%         3
 Frozen Ramparts          Ice            0%         1d1       45%         3
 Hailstorm                Conj/Ice       0%         3d3       45%         3
 Swiftness                Air            0%         N/A       45%         3
 Airstrike                Air            0%         2d(0-16)  86%         4
 Animate Dead             Necr           0%         N/A       86%         4
 Agony                    Necr           0%         N/A       99%         5
 Borgnjor's Vile Clutch   Necr/Erth      0%         N/A       99%         5
 Silence                  Hex/Air        0%         N/A       99%         5
 Death Channel            Necr           0%         N/A       100%        6
 Summon Hydra             Summ           0%         N/A       100%        7
 Sublimation of Blood     Necr           Unusable   N/A       N/A         2

Dungeon Overview and Level Annotations

Branches:
Dungeon (8/15)             Temple (1/1) D:5         Ossuary (visited)
   Lair: D:8-11

Altars:
Ashenzari
Cheibriados
Dithmenos
Fedhas
Gozag
Hepliaklqana
Kikubaaqudgha
Makhleb
Nemelex Xobeh
Qazlal
Ru
Sif Muna
Trog
Vehumet
Wu Jian
Xom
Yredelemnul
Zin
The Shining One

Annotations:
D:8 Maggie


Innate Abilities, Weirdness & Mutations

You are immune to sickness and miasma.
Your stone body is resilient. (AC +6)
You are immune to poison.
You resist negative energy. (rN+)
You are resistant to electric shocks. (rElec)
You are resistant to unholy torment.
You are immune to petrification.


Message History

You cannot move away from Maggie!
You cannot move away from Maggie!
You barely miss the howler monkey.
The howler monkey is heavily wounded.
The howler monkey barely misses you.
Maggie mumbles some strange words.
Maggie draws you further into her thrall.
The kobold hits you but does no damage. The howler monkey misses you.
You block the kobold's attack.
An orc wizard comes into view. It is wielding a +0 dagger.
You hit the howler monkey but do no damage.
The howler monkey is heavily wounded.
The howler monkey barely misses you.
An orc priest comes into view. It is wielding a +0 hand axe.
You block the kobold's attack.
Maggie gestures wildly while chanting.
Maggie draws you further into her thrall.
You cannot move away from Maggie!
You puncture the howler monkey! You burn the howler monkey.
You kill the howler monkey!
The kobold hits you but does no damage.
You cannot move away from Maggie!
You barely miss the orc warrior. You block the kobold's attack.
You block the orc warrior's attack. The hornet closely misses you.
You hit the orc warrior. You burn the orc warrior.
The orc warrior is moderately wounded.
The hornet stings you.
The wight hits you with a +2 dagger of freezing.
The wight freezes you. The kobold closely misses you.
The orc warrior hits you but does no damage.
You bludgeon the orc warrior!! You burn the orc warrior.
You kill the orc warrior!
The hornet stings you.
* * * LOW HITPOINT WARNING * * *
You block the wight's attack. The kobold barely misses you.
The orc wizard gestures at you while chanting.
The magic dart hits you.
* * * LOW HITPOINT WARNING * * *
The hornet stings you!
You die...

#.#
#.................##
#..
...##..........##..#
### ..
##.........###..#
##........# ..#
#.).....### ....
##.......## .##.#
#### #.........###
.. .. .S...
#...z.....<.#
......#.)SK@)##..
...S....).y...##.
).....))..@...#
...........oo..#
..............##
..............#
.....#..........
................
...............


You could see Maggie (mesmerising), a hornet, a water moccasin, a wight, an orc
priest, an orc wizard and a kobold.

Vanquished Creatures
  Sigmund (D:4)
  A steam dragon (D:3)
  Eustachio (D:4)
  Edmund (D:6)
  An acid dragon (D:7)
  Duvessa (D:7)
  2 orc warriors
  2 ogres (D:6)
  A black bear (D:6)
  3 phantoms
  2 kobold brigands
  3 elf zombies (Ossuary)
  Blork the orc (D:5)
  A gnoll sergeant (D:7)
  A bullfrog (D:7)
  A necrophage (D:5)
  3 scorpions
  2 wights (D:8)
  Dowan (D:7)
  3 howler monkeys
  A vampire bat (D:7)
  A jelly (D:4)
  An orc priest (D:6)
  3 hounds
  5 iguanas
  Natasha (thrice) (D:4)
  2 orc wizards (D:6)
  A hound zombie (Ossuary)
  Robin (D:3)
  4 mummies (Ossuary)
  7 gnolls
  9 adders
  A shadow imp (D:7)
  2 ufetubi
  2 worms (D:2)
  A dart slug (D:2)
  14 orcs
  6 endoplasms
  6 giant cockroaches
  A gnoll zombie (Ossuary)
  10 goblins
  5 hobgoblins
  A quokka (D:1)
  7 ball pythons
  15 bats
  4 frilled lizards
  A goblin zombie (Ossuary)
  3 hobgoblin zombies (Ossuary)
  A jackal zombie (Ossuary)
  15 kobolds
  A kobold zombie (Ossuary)
  6 rats
  A rat zombie (Ossuary)
173 creatures vanquished.

Vanquished Creatures (others)
  An orc wizard (D:6)
  A shadow imp (D:4)
  An orc (D:4)
  A kobold (D:4)
4 creatures vanquished.

Grand Total: 177 creatures vanquished

Notes
Turn   | Place    | Note
-------+----------+-------------------------------------------
     0 | D:1      | Dittersdorf the Gargoyle Fighter began the quest for the
                  | Orb.
     0 | D:1      | Reached XP level 1. HP: 14/14 MP: 1/1
   324 | D:1      | Reached XP level 2. HP: 19/19 MP: 2/2
   400 | D:1      | Found a faded altar of an unknown god.
   733 | D:2      | Reached XP level 3. HP: 23/23 MP: 3/3
   971 | D:2      | Reached XP level 4. HP: 29/29 MP: 4/4
  1184 | D:3      | Noticed Robin
  1292 | D:3      | Killed Robin
  1481 | D:3      | Found a radiant altar of Vehumet.
  1855 | D:3      | Reached XP level 5. HP: 29/33 MP: 5/5
  2173 | D:3      | Found a radiant altar of Vehumet.
  3215 | D:4      | Reached XP level 6. HP: 32/39 MP: 6/6
  3245 | D:4      | Noticed Natasha
  3261 | D:4      | Killed Natasha
  3265 | D:4      | Noticed Natasha
  3304 | D:4      | Noticed Eustachio
  3374 | D:4      | Killed Eustachio
  3538 | D:4      | Reached skill level 5 in Armour
  3602 | D:4      | Killed Natasha
  3603 | D:4      | Reached skill level 5 in Shields
  3622 | D:4      | Noticed a steam dragon
  3653 | D:4      | Reached skill level 5 in Fighting
  3653 | D:4      | Reached XP level 7. HP: 30/44 MP: 7/7
  3814 | D:3      | Killed a steam dragon
  3948 | D:4      | Identified a scroll of acquirement
  3949 | D:4      | Acquired a +2 eveningstar of flaming
  4084 | D:4      | Noticed Natasha
  4093 | D:4      | Killed Natasha
  4196 | D:4      | Noticed Sigmund
  4200 | D:4      | Killed Sigmund
  4201 | D:4      | Reached XP level 8. HP: 51/51 MP: 8/8
  4530 | D:5      | Entered Level 5 of the Dungeon
  4571 | D:5      | Reached skill level 5 in Maces & Flails
  4691 | D:5      | Noticed Blork the orc
  4699 | D:5      | Killed Blork the orc
  4920 | D:5      | Found a stormy altar of Qazlal.
  5102 | D:5      | Found a staircase to the Ecumenical Temple.
  5109 | Temple   | Entered the Ecumenical Temple
  5863 | D:6      | Reached XP level 9. HP: 29/56 MP: 9/9
  6263 | D:6      | Noticed Edmund
  6272 | D:6      | Killed Edmund
  6377 | D:7      | Found a sand-covered staircase.
  6382 | Ossuary  | Entered an ossuary
  6969 | D:7      | Found a glowing golden altar of the Shining One.
  7179 | D:7      | Noticed Duvessa
  7180 | D:7      | Noticed Dowan
  7188 | D:7      | Killed Duvessa
  7192 | D:7      | Killed Dowan
  7321 | D:8      | Found a shadowy altar of Dithmenos.
  7412 | D:8      | Noticed Maggie
  7418 | D:8      | Noticed a hornet
  7424 | D:8      | Slain by a hornet

Illustrated notes

Levels and vault maps discovered:
D:1:      erik_arrival_triangle_small, layout_loops_ring,
          shapermc_ecumenical_altar_venn
D:2:      layout_rooms
D:3:      layout_basic, mainiacjoe_overflow_catwalk, uniq_robin
D:4:      layout_gridville, minmay_manual_mess, uniq_eustachio, uniq_sigmund,
          uniq_natasha
D:5:      layout_basic, nicolae_qazlal_eye_of_the_storm, temple_statues,
          uniq_blork_the_orc
D:6:      layout_loops_ring, uniq_edmund
D:7:      layout_rooms, tso_oasis_becter, nicolae_ossuary_entry_false_entrances,
          minmay_misc_feat_rows, roderic_batcave, uniq_duvessa
D:8:      layout_cave_pools, nicolae_dithmenos_shadow_blocks,
          kennysheep_cluttered_room, uniq_maggie
Temple:   regret_index_temple_generic_petals

Skill      XL: |  1  2  3  4  5  6  7  8  9 |
---------------+----------------------------+-----
Shields        | 4 5 6 8 |  8.1
Armour         | 4 5 6 8 |  8.1
Fighting       | 4 5 6 8 |  8.2
Maces & Flails | 3 4 5 7 |  7.1

Action                     |  1- 3 |  4- 6 |  7- 9 || total
---------------------------+-------+-------+-------++-------
  Melee: Flail             |    88 |   240 |    26 ||   354
         Eveningstar       |       |       |   261 ||   261
  Throw: Dart              |       |     8 |     4 ||    12
    Use: Scroll            |       |     8 |    10 ||    18
   Stab: Sleeping          |       |       |     1 ||     1
 Armour: Scale mail        |    53 |   199 |    26 ||   278
         Steam dragon scal |       |       |   255 ||   255
  Dodge: Dodged            |    53 |   159 |   288 ||   500
  Block: Buckler           |    27 |    77 |   119 ||   223

Table legend: (Time is in decaauts)
 A = Elapsed time spent in this place.
 B = Non-inter-level travel time spent in this place.
 C = Inter-level travel time spent in this place.
 D = Time resting spent in this place.
 E = Time spent auto-exploring this place.
 F = Levels seen in this place.
 G = Mean time per level.
                   A        B        C        D        E       F      G
               +--------+--------+--------+--------+--------+-----+--------+
         Total |   7595 |   7288 |    307 |    940 |   4757 |  10 |  759.5 |
       Dungeon |   7146 |   6864 |    282 |    940 |   4427 |   8 |  893.2 |
        Temple |    224 |    199 |     25 |      0 |    196 |   1 |  224.0 |
       Ossuary |    223 |    223 |      0 |      0 |    134 |   1 |  223.0 |
               +--------+--------+--------+--------+--------+-----+--------+

Top non-repeatable levels by time:
     D:3: 1958 daAuts
     D:4: 1321 daAuts
     D:6: 849 daAuts
     D:5: 747 daAuts
     D:1: 723 daAuts
     D:7: 706 daAuts
     D:2: 672 daAuts
  Temple: 224 daAuts
 Ossuary: 223 daAuts
     D:8: 168 daAuts
